 Seeded DCSS version 0.29.1-15-g9cfb28693d (webtiles) character file.

Game seed: 15990745176634895289 (custom seed)

79 AutumnRavn the Shield-Bearer (level 4, 0/37 HPs)
             Began as a Formicid Fighter on Mar 28, 2023.
             Slain by a kobold
             ... wielding a +0 dagger of venom
              (2 damage)
             ... on level 2 of the Dungeon.
             The game lasted 00:02:26 (1492 turns).

AutumnRavn the Shield-Bearer (Formicid Fighter)     Turns: 1492, Time: 00:02:26

Health: 0/37       AC: 10    Str: 22    XL:     4   Next: 64%
Magic:  4/4        EV:  7    Int:  8    God:
Gold:   63         SH:  5    Dex: 13    Spells: 3/3 levels left

rFire   . . .      SeeInvis +   b - +5 scythe "Finisher" {speed, eviscerate}
rCold   . . .      Faith    .   c - +0 buckler
rNeg    . . .      Spirit   .   g - +1 chain mail
rPois   .          Reflect  .   (helmet unavailable)
rElec   .          Harm     .   (no cloak)
rCorr   .          Rampage  .   (no gloves)
Will    .....                   (no boots)
Stlth   ..........              (no amulet)
HPRegen 0.12/turn               (no ring)
MPRegen 0.09/turn               (no ring)

@: mighty, lethally poisoned (0 -> -5)
A: permanent stasis, dig shafts and tunnels, antennae 3, four strong arms
a: Dig, Shaft Self


You were on level 2 of the Dungeon.
You visited 1 branch of the dungeon, and saw 2 of its levels.

You collected 63 gold pieces.

Inventory:

Hand Weapons
 a - a +0 war axe
 b - the +5 scythe "Finisher" (weapon) {speed, eviscerate}
   (You found it on level 2 of the Dungeon)

   Attacks with this weapon are significantly faster.
   It may eviscerate those it strikes, slaying them instantly, with a decreasing
   chance against stronger foes.
Armour
 c - a +0 buckler (worn)
 g - a +1 chain mail (worn)
Scrolls
 f - a scroll of teleportation
Potions
 e - a potion of invisibility
 i - a potion of magic


   Skills:
 + Level 4.0 Fighting
 - Level 2.0(2.3) Axes
 + Level 1.7(2.2) Polearms
 + Level 4.0 Armour
 + Level 4.8 Shields


You had 3 spell levels left.
You didn't know any spells.
Your spell library contained the following spells:

 Spells                   Type           Power      Damage    Failure   Level
 Ensorcelled Hibernation  Hex/Ice        0%         N/A       100%        2
 Spider Form              Tmut/Pois      0%         N/A       100%        3
 Anguish                  Hex/Necr       0%         N/A       100%        4


Dungeon Overview and Level Annotations

Branches:
Dungeon (2/15)

Altars:
Gozag

Shops:
D:1 !   D:2 !


Innate Abilities, Weirdness & Mutations

You cannot be hasted, slowed, berserked, paralysed or teleported.
You can dig through walls and to a lower floor.
You have a pair of large antennae on your head. (SInv)
Your four strong arms can wield two-handed weapons with a shield.


Message History

You are more poisoned.
The adder poisons you!
You closely miss the adder.
You feel very sick. The adder barely misses you.
The kobold hits you but does no damage.
You are lethally poisoned!
The adder bites you but does no damage.
You slash the adder!
You kill the adder!
You feel extremely sick. You block the kobold's attack.
The goblin hits you but does no damage. You block the kobold's attack.
Your Fighting skill increases to level 4!
Your Armour skill increases to level 4!
You are too injured to fight recklessly!
You are too injured to fight recklessly!
Unknown command.
You are too injured to fight recklessly!
Unknown command.
You are too injured to fight recklessly!
Unknown command.
You feel very sick.
There is an open door here.
The kobold attacks as you move away! The kobold completely misses you.
* * * LOW HITPOINT WARNING * * *
You feel very sick.
You feel very mighty all of a sudden.
* * * LOW HITPOINT WARNING * * *
You feel sick. The kobold barely misses you.
Unknown command.
Okay, then.
You completely miss the kobold.
* * * LOW HITPOINT WARNING * * *
You feel very sick. You block the kobold's attack.
You closely miss the kobold.
* * * LOW HITPOINT WARNING * * *
You feel sick.
The kobold hits you with a +0 dagger of venom.
You die...

##### #...## ######.#..##
###.......#..##
##...###....#..#
#...##.##.#..#)# ########
##.#.'...#.##.#.# ....(..#
...#.##@##....#.#
.......##.#....#K#####...#
.......#...#####g# { ##..#
.......... #..:)#Srg=?#..#
........# #.$.$. #{S..#..#
........# #..$..###..##..#
.......<# #...$.#.####...#
........# ##)..##........#
...#+##.# #####........##


You could see an adder, a goblin and a kobold.

Vanquished Creatures
  5 adders (D:2)
  3 endoplasms
  A giant cockroach (D:1)
  6 goblins
  4 hobgoblins
  3 jackals (D:1)
  A kobold (D:2)
  A quokka (D:2)
  4 ball pythons
  2 bats (D:1)
  2 frilled lizards
  A rat (D:1)
  A bush (D:2)
34 creatures vanquished.

Notes
Turn   | Place    | Note
-------+----------+-------------------------------------------
     0 | D:1      | AutumnRavn the Formicid Fighter began the quest for the
                  | Orb.
     0 | D:1      | Reached XP level 1. HP: 18/18 MP: 1/1
   242 | D:2      | Found Equet's Distillery.
   285 | D:2      | Reached XP level 2. HP: 24/24 MP: 2/2
   305 | D:2      | Found the +5 scythe "Finisher" {speed, eviscerate}
   435 | D:2      | Found an opulent altar of Gozag.
   756 | D:1      | Found Boibbiqy's Distillery.
   830 | D:1      | Reached skill level 1 in Polearms
   830 | D:1      | Reached XP level 3. HP: 29/29 MP: 3/3
   864 | D:1      | Found a faded altar of an unknown god.
  1475 | D:2      | Reached XP level 4. HP: 36/37 MP: 4/4
  1492 | D:2      | Slain by a kobold

Illustrated notes

Levels and vault maps discovered:
D:1:      scummos_arrival_simple_crosswalls, layout_basic,
          dreamdust_ecumenical_altar_hidden_monk_grotto, serial_shops, shop
D:2:      layout_basic, serial_shops, shop, serial_forest,
          infiniplex_forest_lined_room_, infiniplex_forest_lined_ring,
          infiniplex_forest_clump_double, infiniplex_forest_side_room,
          infiniplex_forest_3_way, infiniplex_forest_straight_3,
          infiniplex_forest_straight_2, basic_altar, minmay_joined_circles

Skill      XL: |  1  2  3  4 |
---------------+-------------+-----
Polearms       | 1 |  1.7
Fighting       | 4 |  4.0
Armour         | 4 |  4.0
Axes           | |  2.0
Shields        | |  4.8

Action                   |  1- 3 |  4- 6 || total
-------------------------+-------+-------++-------
Melee: War axe           |    79 |       ||    79
       Scythe            |    36 |    15 ||    51
  Use: Scroll            |     5 |       ||     5
       Potion            |     4 |     1 ||     5
Armor: Chain mail        |    27 |    14 ||    41
       Scale mail        |     2 |       ||     2
Dodge: Dodged            |    14 |    10 ||    24
Block: Buckler           |     5 |     9 ||    14
